 Dungeon Crawl Stone Soup version 0.25.1-2-g60ff931df9 (webtiles) character file.

Game seed: 8042567033585249574

183 crazymagnet the Slasher (level 5, -8/45 HPs)
             Began as a Minotaur Berserker on Nov 19, 2020.
             Was a Believer of Trog.
             Killed by nerve-wracking pain
             ... invoked by Grinder
              (9 damage)
             ... on level 3 of the Dungeon.
             The game lasted 00:04:13 (2105 turns).

crazymagnet the Slasher (Minotaur Berserker)        Turns: 2105, Time: 00:04:14

Health: -8/45      AC:  2    Str: 23    XL:     5   Next: 35%
Magic:  4/4        EV: 12    Int:  4    God:    Trog [**....]
Gold:   189        SH:  0    Dex:  9    Spells: 4/4 levels left

rFire    . . .     SeeInvis .   a - +0 falchion
rCold    . . .     Gourm    .   (no shield)
rNeg     . . .     Faith    .   b - +0 animal skin
rPois    .         Spirit   .   (helmet restricted)
rElec    .         Reflect  .   (no cloak)
rCorr    .         Harm     .   (no gloves)
MR       .....                  (no boots)
Stlth    +.........             (no amulet)
HPRegen  0.15/turn              (no ring)
MPRegen  0.09/turn              (no ring)

@: no status effects
A: retaliatory headbutt, horns 2
a: Berserk, Trog's Hand, Renounce Religion


You were on level 3 of the Dungeon.
You worshipped Trog.
Trog was pleased with you.
You were not hungry.

You visited 1 branch of the dungeon, and saw 3 of its levels.

You collected 189 gold pieces.

Inventory:

Hand Weapons
 a - a +0 falchion (weapon)
Armour
 b - a +0 animal skin (worn)
Scrolls
 d - 2 scrolls of teleportation {unknown}
 e - 3 scrolls of remove curse {unknown}
 g - 4 scrolls of identify {unknown}
 h - a scroll of fear {unknown}
 i - a scroll of amnesia {unknown}
 o - a scroll of noise {unknown}
 p - a scroll of enchant armour {unknown}
 q - 2 scrolls of random uselessness {unknown}
Potions
 f - a potion of curing
 k - a potion of stabbing {unknown}
 l - 2 potions of flight {unknown}
 m - a potion of mutation {unknown}
 n - a potion of brilliance {unknown}
Comestibles
 c - 5 rations
 j - 4 chunks of flesh


   Skills:
 - Level 3.6 Fighting
 * Level 7.4 Long Blades
 - Level 2.4 Armour
 - Level 2.1 Dodging


You had 4 spell levels left.
You didn't know any spells.
Your spell library was empty.

Dungeon Overview and Level Annotations

Branches:
Dungeon (3/15)

Altars:

Annotations:
D:3 Grinder


Innate Abilities, Weirdness & Mutations

You reflexively headbutt those who attack you in melee.
You have a pair of horns on your head.


Message History

Grinder hits you!
You writhe in agony.
You barely miss Grinder. Your headbutt misses Grinder.
Grinder is severely wounded.
Grinder hits you but does no damage.
You barely miss Grinder. You headbutt Grinder.
Grinder is severely wounded.
Grinder hits you.
You writhe in agony.
You hit Grinder but do no damage.
Grinder is severely wounded.
Grinder hits you.
You writhe in agony.
* * * LOW HITPOINT WARNING * * *
You barely miss Grinder. You headbutt Grinder!
Grinder is almost dead.
Grinder hits you!
* * * LOW HITPOINT WARNING * * *
You writhe in agony.
* * * LOW HITPOINT WARNING * * *
Grinder gestures at you. Pain shoots through your body!
You die...

.#.######### #...
......)....###..#
..............##..#
...#.###...#...#..#
#..#.# #.#.#.#.#..#####.
...#.###.....#..........
.............#)#..#....
.......##....#....# .
.......#<....#..@.#
.......#.....#....#
#......#.....#....5....#
.......# ..............#
#.##.### ...##.........#
.....# .. ..........!#
..#### . ..#:...#.#...(
..# ..(#......#..## ..#
.. #....### .#


You could see Grinder.

Vanquished Creatures
  Natasha (thrice) (D:2)
  A worker ant (D:2)
  5 adders
  2 worms
  A dart slug (D:1)
  A giant cockroach (D:1)
  2 goblins
  5 hobgoblins
  4 jackals (D:2)
  4 kobolds
  3 bats
  2 frilled lizards (D:2)
  6 rats
39 creatures vanquished.

Notes
Turn   | Place    | Note
-------+----------+-------------------------------------------
     0 | D:1      | crazymagnet the Minotaur Berserker began the quest for the
                  | Orb.
     0 | D:1      | Reached XP level 1. HP: 19/19 MP: 0/0
   413 | D:1      | Reached skill level 4 in Long Blades
   503 | D:1      | Reached XP level 2. HP: 20/26 MP: 1/1
  1109 | D:2      | Reached skill level 5 in Long Blades
  1205 | D:2      | Reached XP level 3. HP: 27/31 MP: 2/2
  1284 | D:2      | Noticed Natasha
  1292 | D:2      | Killed Natasha
  1292 | D:2      | Reached skill level 6 in Long Blades
  1292 | D:2      | Reached XP level 4. HP: 29/39 MP: 3/3
  1481 | D:2      | Noticed Natasha
  1486 | D:2      | Killed Natasha
  1486 | D:2      | Reached ** piety under Trog
  1539 | D:2      | Noticed Natasha
  1546 | D:2      | Killed Natasha
  1546 | D:2      | Reached skill level 7 in Long Blades
  1546 | D:2      | Reached XP level 5. HP: 14/45 MP: 4/4
  2083 | D:3      | Noticed Grinder
  2104 | D:3      | HP: 2/45 [Grinder (11)]
  2105 | D:3      | Killed from afar by Grinder

Illustrated notes

Levels and vault maps discovered:
D:1:      eino_arrival_tree_alley, layout_basic
D:2:      layout_rooms, kennysheep_generic_room_13, uniq_natasha
D:3:      cheibrodos_helix_gallery, layout_basic, minmay_tree_intersection,
          minmay_rat_hole, uniq_grinder

Skill      XL: |  1  2  3  4 |
---------------+-------------+-----
Long Blades    | 4 5 6 7 |  7.4
Fighting       | |  3.6
Armour         | |  2.4
Dodging        | |  2.1

Action                   |  1- 3 |  4- 6 || total
-------------------------+-------+-------++-------
Melee: Falchion          |    49 |    65 ||   114
       Headbutt          |     6 |    11 ||    17
Invok: Trog's Hand       |       |     1 ||     1
  Use: Potion            |     1 |     1 ||     2
 Stab: Sleeping          |       |     1 ||     1
  Eat: Chunk             |     1 |     3 ||     4
Armor: Animal skin       |    13 |    12 ||    25
Dodge: Dodged            |    35 |    36 ||    71
       Rpst.: Falchion   |     7 |    15 ||    22
